Map: Neon Violet Square LE

Players

Jason - Winner!

  • Race: Terran Terran
  • League: Grandmaster
  • Spawn Location: 5:00

Rob

  • Race: Protoss Protoss
  • League: Grandmaster
  • Spawn Location: 11:00

VOD

Have the link to the VOD?

Description

Time

  • Played on: May 13, 2019, 5:20 p.m.
  • Length: 16:30
Show
View Real Time Build Order
Export as new Build Order

Jason Terran - Winner!

Build Orders:  

Get SALT Encoding   

  12  0:00  SCV  
  13  0:13  SCV  
  14  0:19  Supply Depot  
  14  0:26  SCV  
  15  0:42  Barracks  
  15  0:52  Refinery  
  15  0:58  Barracks  
  15  1:03  SCV  
  16  1:16  SCV  
  17  1:28  Barracks Tech Lab  
  17  1:31  Orbital Command  
  17  1:45  Barracks Tech Lab  
  17  1:48  Marauder  
  17  1:53  Supply Depot  
  20  2:06  Marauder  
  22  2:10  Marauder  
  23  2:20  Concussive Shells  
  23  2:22  SCV  
  24  2:27  Marine  
  25  2:32  Marauder  
  25  2:35  Supply Depot  
  27  2:39  SCV  
  28  2:50  Bunker  
  28  2:53  Bunker  
  28  2:55  Marine  
  29  2:59  Marauder  
  31  3:06  Bunker  
  30  3:17  Marauder  
  30  3:19  Marine  
  33  3:20  SCV  
  33  3:25  Bunker  
  32  3:36  SCV  
  32  3:37  Marine  
  32  3:40  Factory  
  33  3:46  Refinery  
  33  3:52  SCV  
  34  3:59  Engineering Bay  
  34  4:04  SCV  
  35  4:17  SCV  
  36  4:26  Starport  
  36  4:27  Factory Tech Lab  
  36  4:28  Missile Turret  
  36  4:30  SCV  
  37  4:50  Command Center  
  37  4:52  Barracks Tech Lab  
  37  4:55  SCV  
  38  5:06  Supply Depot  
  38  5:11  Siege Tank  
  41  5:15  Stimpack  
  41  5:17  Marine  
  42  5:25  SCV  
  42  5:28  Missile Turret  
  42  5:36  Viking  
  44  5:46  Marine x2  
  46  5:57  SCV  
  47  6:02  Supply Depot  
  47  6:11  Marine  
  46  6:13  Orbital Command  
  47  6:24  Raven  
  49  6:27  Bunker  
  49  6:28  SCV  
  49  6:31  Marine  
  50  6:36  Orbital Command  
  47  6:41  SCV  
  47  6:42  Marauder  
  50  6:47  Orbital Command  
  50  6:49  Marine  
  50  6:53  SCV  
  52  6:54  Supply Depot  
  52  7:06  SCV  
  53  7:14  SCV  
  54  7:18  SCV  
  54  7:20  Starport Reactor  
  54  7:22  Bunker  
  55  7:26  SCV, Combat Shield  
  56  7:30  SCV  
  56  7:31  Marine  
  55  7:38  SCV  
  55  7:42  SCV  
  57  7:45  Marine  
  57  7:49  Marine  
  57  7:50  SCV  
  60  7:51  Factory Reactor  
  60  7:54  Terran Infantry Weapons Level 1, SCV  
  61  8:02  SCV  
  61  8:03  Medivac, Marine  
  65  8:06  Medivac  
  67  8:16  Refinery, Supply Depot  
  67  8:18  SCV  
  67  8:19  Marine  
  69  8:25  Barracks  
  69  8:26  SCV  
  70  8:29  Marine  
  71  8:37  Medivac x2, Marine  
  76  8:45  SCV x2  
  76  8:47  Marine  
  79  8:55  Marine  
  80  8:57  SCV x2  
  82  9:04  Marine  
  83  9:13  Marine  
  84  9:22  Marine  
  84  9:23  SCV  
  86  9:40  Supply Depot x2  
  86  9:41  Command Center  
  86  9:52  Barracks x2  
  86  10:02  SCV, Widow Mine x2, Medivac x2, Marauder, Marine x2  
  86  10:03  SCV, Supply Depot  
  100  10:19  Marine  
  100  10:20  Marine  
  101  10:21  SCV x2  
  101  10:23  Refinery, Marine  
  104  10:31  Widow Mine x2  
  108  10:37  Marine x2  
  108  10:41  Marauder, Barracks Tech Lab  
  112  10:43  SCV  
  112  10:44  SCV  
  112  10:45  Barracks Tech Lab  
  114  10:55  Medivac x2, Marine  
  114  10:56  Marauder  
  121  10:58  SCV  
  121  10:59  Missile Turret  
  121  11:00  Marine  
  121  11:02  Marine  
  124  11:04  Terran Infantry Armor Level 1  
  124  11:07  SCV  
  125  11:11  SCV, Marine  
  127  11:19  SCV  
  127  11:23  SCV  
  129  11:27  Orbital Command  
  129  11:30  Barracks Tech Lab  
  129  11:31  SCV  
  130  11:33  Marine  
  130  11:34  Marauder  
  130  11:39  Refinery  
  133  11:43  SCV x2  
  135  11:49  Fusion Core  
  135  11:51  Starport, Marine x2  
  137  11:57  SCV x2  
  123  12:25  Marine x2  
  123  12:26  Marauder  
  123  12:28  Medivac x2  
  123  12:29  Marine x2  
  128  12:30  Widow Mine x2  
  125  12:41  Liberator x2  
  125  12:43  SCV x2, Marine  
  125  12:44  Marauder  
  130  12:47  Marine x3  
  130  12:53  SCV  
  130  12:55  SCV  
  130  12:59  Widow Mine x2  
  130  13:01  Marine  
  130  13:02  Starport Tech Lab  
  130  13:03  Command Center  
  130  13:05  Marauder  
  141  13:06  Refinery  
  141  13:07  Marine x3  
  141  13:09  SCV  
  141  13:10  SCV  
  146  13:16  Armory  
  146  13:19  Marine  
  145  13:21  Engineering Bay  
  145  13:24  SCV x2  
  145  13:28  Liberator x2  
  145  13:33  Marine x2  
  145  13:34  Marauder  
  149  13:39  Advanced Ballistics  
  149  13:44  Liberator  
  149  13:47  Sensor Tower  
  149  13:48  Marine x2  
  155  13:51  Marine  
  155  13:54  Marine  
  155  13:55  Marine  
  162  14:06  Marine x2  
  162  14:08  Widow Mine  
  162  14:09  Marauder  
  164  14:10  Liberator  
  164  14:12  Marine  
  164  14:14  Marine  
  166  14:18  Supply Depot  
  166  14:19  Supply Depot  
  166  14:20  Supply Depot  
  159  14:24  Marine  
  163  14:31  Marine  
  163  14:32  Marauder, Marine  
  163  14:33  Orbital Command, Liberator  
  165  14:46  Liberator  
  159  14:53  Liberator  
  144  15:11  Marine x3  
  144  15:12  Marauder  
  134  15:15  Orbital Command  
  134  15:16  Liberator  
  134  15:17  Marine  
  134  15:18  SCV  
  131  15:28  Liberator  
  131  15:29  Marine x3  
  131  15:32  Marine  
  138  15:35  Marauder  
  138  15:46  Marine  
  138  15:47  Marine  
  138  15:49  Marine  
  144  15:50  SCV x2  
  144  15:55  SCV x2  
  149  16:01  Marine x2  
  151  16:04  Marine  
  151  16:05  SCV  
  151  16:10  SCV x2  
  155  16:12  Marine x2  
Show
View Real Time Build Order
Export as new Build Order

Rob Protoss 

Build Orders: 1 Gate Expand, Dark Templar Rush 

Get SALT Encoding   

  12  0:00  Probe  
  13  0:13  Probe  
  14  0:18  Pylon  
  14  0:25  Probe  
  15  0:33  Probe  
  15  0:39  Gateway  
  15  0:41  Probe  
  16  0:48  Assimilator  
  17  0:51  Probe  
  18  1:03  Probe  
  19  1:15  Probe  
  20  1:23  Nexus  
  20  1:33  Cybernetics Core  
  20  1:38  Probe  
  21  1:42  Assimilator  
  21  1:48  Pylon  
  21  1:51  Probe  
  22  2:00  Adept  
  22  2:03  Probe  
  23  2:10  Warp Gate  
  23  2:15  Probe  
  26  2:17  Pylon  
  26  2:25  Stalker  
  26  2:27  Probe  
  27  2:35  Probe  
  30  2:40  Twilight Council  
  29  2:52  Stalker  
  29  2:55  Shield Battery  
  29  2:56  Shield Battery  
  30  3:12  Stalker  
  24  3:29  Probe  
  24  3:43  Dark Shrine  
  24  3:56  Gateway  
  25  4:09  Stalker  
  26  4:10  Probe  
  27  4:22  Probe  
  28  4:33  Pylon  
  28  4:34  Probe  
  29  4:46  Probe  
  30  4:55  Dark Templar x2  
  30  4:58  Probe  
  35  5:26  Dark Templar  
  37  5:40  Dark Templar  
  37  5:52  Probe  
  37  5:53  Pylon  
  36  6:00  Dark Templar  
  39  6:04  Probe  
  39  6:10  Nexus  
  37  6:14  Pylon  
  37  6:19  Robotics Facility  
  37  6:23  Probe  
  38  6:35  Probe  
  38  6:39  Dark Templar  
  40  6:47  Probe  
  40  6:59  Probe  
  40  7:00  Warp Prism  
  41  7:01  Shield Battery  
  41  7:10  Robotics Bay  
  41  7:12  Probe  
  43  7:22  Probe  
  43  7:24  Probe  
  43  7:29  Shield Battery  
  44  7:35  Probe  
  44  7:36  Probe  
  46  7:47  Probe  
  46  7:48  Probe  
  46  7:51  Robotics Facility  
  46  7:55  Sentry  
  46  7:56  Disruptor  
  48  7:59  Assimilator  
  48  8:01  Probe  
  48  8:03  Assimilator  
  50  8:06  Pylon, Shield Battery  
  50  8:09  Probe  
  50  8:11  Pylon  
  53  8:14  Probe  
  54  8:20  Pylon  
  54  8:21  Probe  
  54  8:25  Disruptor  
  55  8:27  Probe  
  55  8:31  Gravitic Drive  
  55  8:33  Probe  
  60  8:51  Nexus  
  60  8:54  Probe  
  61  9:06  Probe  
  62  9:10  Twilight Council  
  62  9:17  Disruptor  
  62  9:25  Colossus  
  62  9:28  Charge  
  69  9:39  Assimilator, Probe x2  
  69  9:42  Assimilator  
  69  9:43  Pylon  
  69  9:44  Pylon  
  71  9:56  Pylon x2  
  71  9:58  Disruptor  
  71  10:01  Probe  
  71  10:05  Probe x2  
  74  10:14  Sentry, Probe  
  78  10:17  Gateway  
  78  10:21  Shield Battery  
  80  10:24  Disruptor  
  83  10:30  Colossus  
  83  10:42  Stalker  
  91  11:00  Colossus  
  91  11:02  Gateway x2  
  97  11:07  Stalker  
  97  11:09  Pylon  
  97  11:10  Colossus  
  99  11:22  Stalker  
  107  11:30  Pylon  
  107  11:37  Stalker  
  109  11:47  Gateway  
  109  11:50  Pylon  
  109  11:56  Colossus  
  109  12:01  Colossus  
  121  12:11  Zealot  
  117  12:18  Zealot  
  117  12:19  Zealot  
  115  12:31  Zealot x2  
  102  12:40  Zealot x2  
  104  12:46  Zealot  
  98  13:02  Probe, Warp Prism  
  98  13:03  Templar Archives  
  101  13:06  Sentry x2  
  101  13:07  Sentry  
  101  13:08  Sentry x2  
  111  13:36  Stalker x5  
  121  13:49  Colossus x4  
  121  13:59  Stalker x2  
  121  14:00  Stalker  
  121  14:02  Sentry x2  
  123  14:29  Stalker x5  
  133  14:36  Templar Archives  
  77  15:15  Stalker x2  
  79  15:45  Pylon  
  79  15:47  Pylon  
  79  15:48  Pylon  
  79  15:50  Pylon  
  79  15:51  Assimilator, Pylon  
  79  16:08  Nexus  
  79  16:13  Pylon  
  79  16:16  Pylon  
  79  16:19  Gateway  
  79  16:22  Gateway  
  79  16:25  Gateway  
  81  16:28  Gateway  
Tags
 
Add a new tag
Caveats
  • Supply blocks, unpowered buildings, or Contaminate may cause inaccurate times.
  • Supply counts are checked every 10 seconds.